 Dungeon Crawl Stone Soup version 0.31.0-32-g396128a36d (webtiles) character file.

Game seed: 5956307374573760331

16 booth the Trooper (level 2, -1/25 HPs)
             Began as a Demonspawn Wanderer on Mar 11, 2024.
             Slain by Sigmund
             ... wielding a +3 scythe of pain
              (7 damage)
             ... on level 2 of the Dungeon.
             The game lasted 00:05:54 (757 turns).

booth the Trooper (Demonspawn Wanderer)              Turns: 757, Time: 00:05:54

Health: -1/25      AC:  5    Str: 10    XL:     2   Next: 41%
Magic:  2/2        EV:  9    Int: 10    God:
Gold:   68         SH:  7    Dex: 16    Spells: 1/1 levels left

rFire   . . .        h - +0 whip
rCold   . . .        e - +2 buckler
rNeg    . . .        c - +0 ring mail
rPois   .            (no helmet)
rElec   .            (no cloak)
rCorr   .            (no gloves)
SInv    .            (no boots)
Will    +....        n - amulet of regeneration
Stlth   +            (no ring)
HPRegen 1.04/turn    (no ring)
MPRegen 0.08/turn

%: no passive effects
@: enlightened, flying
A: condensation shield
a: no special abilities


You were on level 2 of the Dungeon.
You visited 1 branch of the dungeon, and saw 2 of its levels.

You collected 68 gold pieces.

Inventory:

Hand Weapons
 a - a +0 dagger
 h - a +0 whip (weapon)
Armour
 c - a +0 ring mail (worn)
 e - a +2 buckler (worn)
Jewellery
 n - an amulet of regeneration (around neck)
Scrolls
 d - a scroll of blinking
 f - a scroll of amnesia {unknown}
 i - a scroll of summoning {unknown}
 k - a scroll of teleportation
Potions
 g - a potion of attraction
 j - a potion of lignification {unknown}
 l - a potion of ambrosia {unknown}


   Skills:
 + Level 4.1 Fighting
 + Level 0.5 Maces & Flails
 + Level 1.3 Armour
 + Level 2.0 Stealth
 + Level 2.8 Shields


You had one spell level left.
You didn't know any spells.
Your spell library was empty.

Dungeon Overview and Level Annotations

Branches:
Dungeon (2/15)

Altars:

Shops:
D:1 (

Annotations:
D:2 Sigmund


Innate Abilities, Weirdness & Mutations

A meltable shield of frost defends you. (SH +0)


Message History

Your condensation shield dissipates!
You hit Sigmund.
Sigmund is heavily wounded.
Sigmund barely misses you.
You closely miss Sigmund.
Sigmund is heavily wounded.
You hit Sigmund.
Sigmund is severely wounded.
You block Sigmund's attack.
You completely miss Sigmund.
Sigmund is severely wounded.
Sigmund points at you and mumbles some strange words.
The magic dart hits you.
You closely miss Sigmund.
Sigmund is severely wounded.
Sigmund hits you with a +3 scythe of pain.
You barely miss Sigmund.
Sigmund is severely wounded.
Sigmund closely misses you.
You hit Sigmund.
Sigmund is severely wounded.
You barely miss Sigmund.
Sigmund is severely wounded.
Sigmund casts a spell.
Sigmund flickers and vanishes!
Deactivating autopickup; reactivate with Ctrl-A.
You closely miss something.
You hear some strange, mumbled words.
A magic dart appears from out of thin air!
The magic dart hits you.
You hear some strange, mumbled words.
A puff of flame appears from out of thin air!
The puff of flame hits you!
* * * LOW HITPOINT WARNING * * *
It was a potion of enlightenment.
You feel very buoyant.
You fly up into the air.
Something hits you but does no damage.
You closely miss something. You closely miss something. Something hits you!
You die...

#.##....# #.# #.##....#
#.# #.##....#
#.#########.##. #.##....#
#..............
.#<##....###..####§######.
.#.##............§§§(.....
...##...........##§#######
#.........##.#####.#
#####.######....@{.# #.#
######### #####.# ......#
#######


There were no monsters in sight!

Vanquished Creatures
  A dart slug (D:1)
  2 endoplasms
  A goblin (D:1)
  A hobgoblin (D:1)
  2 quokkas (D:1)
  A ball python (D:1)
  2 bats
  4 frilled lizards
  A spectral goblin (D:1)
15 creatures vanquished.

Notes
Turn   | Place    | Note
-------+----------+-------------------------------------------
     0 | D:1      | booth the Demonspawn Wanderer began the quest for the Orb.
     0 | D:1      | booth set off with the following items: a +0 dagger, a
                  | scroll of fog, a +0 ring mail, a scroll of blinking, a +2
                  | buckler.
     0 | D:1      | Reached XP level 1. HP: 19/19 MP: 1/1
   284 | D:1      | Found a faded altar of an unknown god.
   386 | D:1      | Gained mutation: A meltable shield of frost defends you.
                  | (SH +0) [demonic ancestry]
   386 | D:1      | Reached XP level 2. HP: 25/25 MP: 2/2
   588 | D:1      | Found Higgisk's Antique Weapon Emporium.
   716 | D:2      | Noticed Sigmund
   757 | D:2      | Slain by Sigmund

Illustrated notes

Levels and vault maps discovered:
D:1:      wheals_arrival_linesprint, layout_rooms, serial_shops, shop_statue,
          dreamdust_ecumenical_altar_drowned_temple, minmay_tripent
D:2:      layout_loops_ring, uniq_crazy_yiuf_cottage, uniq_sigmund

Skill      XL: |  1 |
---------------+----+-----
Stealth        | 2 |  2.0
Fighting       | |  4.1
Maces & Flails | |  0.5
Armour         | |  1.3
Shields        | |  2.8

Action                     || total
---------------------------++-------
  Melee: Whip              ||    76
    Use: Scroll            ||     3
         Potion            ||     1
 Armour: Ring mail         ||    36
  Dodge: Dodged            ||    16
  Block: Buckler           ||    24
